 Dungeon Crawl Stone Soup version bcrawl-1.21.3 (webtiles) character file.

Game seed: 1463784556885422957

65 Flugslaktarn the Sneak (level 3, 0/22 HPs)
             Began as a Skeleton Archaeologist on Mar 28, 2020.
             Was a Follower of Uskayaw.
             Slain by a hound (2 damage)
             ... on level 3 of the Dungeon.
             The game lasted 00:01:36 (3593 turns).

Flugslaktarn the Sneak (Skeleton Archaeologist)     Turns: 3593, Time: 00:01:36

Health: 0/22       AC: 12    Str: 14 (18) XL:     3   Next: 94%
Magic:  0/3        EV:  8    Int:  9 (12) God:    Uskayaw [*.....]
Gold:   149        SH:  0    Dex:  6 (7)  Spells: 2/2 levels left

rFire    . . .     SeeInvis .   a - +0 whip
rCold    + . .     Gourm    .   (no shield)
rNeg     + + +     Faith    .   l - +0 chain mail
rPois    ∞         Spirit   +   j - +2 hat
rElec    .         Reflect  .   (no cloak)
rCorr    .         Harm     .   (no gloves)
MR       .....                  d - +1 pair of boots
Stlth    ..........             (no amulet)
HPRegen  0.07/turn              (no ring)
MPRegen  0.08/turn              (no ring)

@: no status effects
A: no food or potions, cold resistance 1, deterioration 1, negative energy
resistance 3, torment resistance, unbreathing, magic shield, sturdy frame 1,
spell healing
a: Stomp, Renounce Religion


You were on level 3 of the Dungeon.
You worshipped Uskayaw.
Uskayaw was noncommittal.
You were not hungry.

You visited 1 branch of the dungeon, and saw 3 of its levels.

You collected 149 gold pieces.

Inventory:

Hand Weapons
 a - a +0 whip (weapon)
Armour
 c - a +1 hat
 d - a +1 pair of boots (worn)
 j - a +2 hat (worn)
   (You found it on level 2 of the Dungeon)
 l - a +0 chain mail (worn)
   (You found it on level 2 of the Dungeon)
Jewellery
 h - an uncursed ring of ice {unknown}
   (You found it on level 2 of the Dungeon)
Scrolls
 e - a scroll of magic mapping
 g - 3 scrolls of identify {unknown}
 i - a scroll of amnesia {unknown}
 k - 2 scrolls of teleportation {unknown}
Miscellaneous
 f - a dusty tome


   Skills:
 * Level 2.9 Fighting
 + Level 2.2 Maces & Flails
 + Level 1.7 Armour
 - Level 3.0 Dodging
 - Level 3.6 Stealth
 + Level 0.1 Invocations


You had 2 spell levels left.
You didn't know any spells.
Your spell library was empty.

Dungeon Overview and Level Annotations

Branches:
Dungeon (3/12)

Altars:
Gozag
Uskayaw
Yredelemnul


Innate Abilities, Weirdness & Mutations

You do not eat or drink.
You are immune to poison.
Your flesh is cold resistant. (rC+)
Your body sometimes deteriorates upon taking damage.
You are immune to negative energy. (rN+++)
You are immune to unholy pain and torment.
You can survive without breathing.
When hurt, damage is shared between your health and your magic reserves.
Your movements are slightly less encumbered by armour. (ER -2)
Casting spells heals you.


Message History

The hound is heavily wounded.
The hound bites you but does no damage.
You closely miss the hound.
The hound is heavily wounded.
The hound barely misses you. The hound bites you but does no damage.
You miss the hound.
The hound is heavily wounded.
The hound bites you but does no damage.
Your chain mail prevents you from hitting the hound.
The hound is heavily wounded.
The hound bites you.
* * * LOW HITPOINT WARNING * * *
The hound bites you but does no damage.
You miss the hound.
The hound is heavily wounded.
The hound bites you but does no damage.
You hit the hound but do no damage.
The hound is heavily wounded.
The hound barely misses you. The hound bites you.
You die...

## #.##. ..
..... . #.
#.#.# .. ###.
#.#.#
..###...##$#.#
.....###...#o#
#......[Sw#
#...<.###h#
#.##....## #@#
#.....##
#........
#.##...#
#.######. #
#...# #.#
...... ..#
###..... ...
....### #.#
.....# #.#
#..#.#


You could see a worm, a hound, an adder and an orc.

Vanquished Creatures
  2 worms (D:2)
  2 dart slugs (D:1)
  2 ball pythons
  A giant cockroach (D:2)
  13 goblins
  5 hobgoblins
  3 jackals (D:1)
  8 kobolds
  7 bats
  3 frilled lizards
  6 rats
52 creatures vanquished.

Notes
Turn   | Place    | Note
-------+----------+-------------------------------------------
     0 | D:1      | Flugslaktarn the Skeleton Archaeologist began the quest for
                  | the Orb.
     0 | D:1      | Reached XP level 1. HP: 12/12 MP: 1/1
   331 | D:1      | Reached XP level 2. HP: 16/17 MP: 2/2
  1248 | D:1      | Reached skill level 1 in Armour
  1636 | D:1      | Reached XP level 3. HP: 13/22 MP: 1/3
  2401 | D:2      | Found a hide-covered altar of Uskayaw.
  2499 | D:2      | Became a worshipper of Uskayaw the Reveler
  2525 | D:2      | Found an opulent altar of Gozag.
  2818 | D:2      | Reached * piety under Uskayaw
  2883 | D:2      | Found a basalt altar of Yredelemnul.
  3038 | D:2      | Reached ** piety under Uskayaw
  3593 | D:3      | Slain by a hound

Skill      XL: |  1  2  3 |
---------------+----------+-----
Fighting       | 2 |  2.9
Armour         | 1 |  1.7
Maces & Flails | 2 |  2.2
Dodging        | |  3.0
Stealth        | |  3.6
Invocations    | |  0.1

Action                   || total
-------------------------++-------
Melee: Whip              ||   282
 Stab: Sleeping          ||     8
Armor: Robe              ||    72
       Chain mail        ||    45
Dodge: Dodged            ||   186
